 Dungeon Crawl Stone Soup version 0.17-a0-125-g34d91a1 (webtiles) character file.

807 panocha the Skirmisher (level 7, -3/64 HPs)
             Began as a Minotaur Berserker on Mar 4, 2015.
             Was a Priest of Trog.
             Slain by a wight
             ... wielding a +1 great sword
              (8 damage)
             ... on level 6 of the Dungeon on Mar 23, 2015.
             The game lasted 00:31:59 (4445 turns).

panocha the Skirmisher (Minotaur Berserker)         Turns: 4445, Time: 00:32:00

Health: -3/64      AC:  2    Str: 29    XL:     7   Next: 60%
Magic:  3/3        EV: 24    Int:  9    God:    Trog [***...]
Gold:   227        SH:  4    Dex: 14    Spells: 0 memorised, 6 levels left

rFire  . . .     SeeInvis .     u - +0 mace (venom)
rCold  . . .     Clarity  .     (no armour)
rNeg   . . .     SustAb   .     l - +0 buckler
rPois  .         Gourm    .     (helmet restricted)
rElec  .         Spirit   .     f - +0 cloak
rCorr  .         Warding  .     k - +0 pair of gloves
rMut   .         Stasis   .     (no boots)
MR     .....                    q - amulet of inaccuracy (curse)
Stlth  +++.......               (no ring)
                                d - +4 ring of evasion

@: mighty, brilliant, agile, not resistant to hostile enchantments, fairly
stealthy
A: retaliatory headbutt, horns 2
a: Burn Spellbooks, Berserk, Trog's Hand, Renounce Religion


You were on level 6 of the Dungeon.
You worshipped Trog.
Trog was most pleased with you.
You were near starving.

You visited 1 branch of the dungeon, and saw 6 of its levels.

You collected 227 gold pieces.

Inventory:

Hand weapons
 u - a +0 mace of venom (weapon)
Missiles
 o - 16 bolts
Armour
 b - a +0 animal skin
 f - a +0 cloak (worn)
 k - a +0 pair of gloves (worn)
 l - a +0 buckler (worn)
Jewellery
 d - a +4 ring of evasion (left hand)
 q - a cursed amulet of inaccuracy (around neck)
Magical devices
 h - a wand of flame (25)
Scrolls
 a - 3 scrolls of blinking {unknown}
Potions
 e - a potion of restore abilities
 p - a potion of curing {unknown}
 r - 2 potions of cancellation
Comestibles
 c - 3 bread rations
 j - a beef jerky
 m - a meat ration


   Skills:
 + Level 6.4 Fighting
 + Level 5.2 Maces & Flails
 * Level 3.8 Armour
 - Level 6.2 Dodging
 - Level 1.5 Stealth
 + Level 2.0 Shields


You had 6 spell levels left.
You didn't know any spells.

Dungeon Overview and Level Annotations

Branches:
Dungeon (6/15)
 Temple: D:4-7

Altars:
Qazlal
Zin

Annotations:
D:2 Sigmund
D:6 Prince Ribbit


Innate Abilities, Weirdness & Mutations

You reflexively headbutt those who attack you in melee.
You have a pair of horns on your head.


Message History

Things that are here:
a short sword; a robe A wight comes into view.
It is wielding a trident of venom.
Drink which item? (? for menu, Esc to quit)
It was a potion of brilliance.
You feel clever all of a sudden. The wight completely misses you. x2
You furiously retaliate!
You headbutt the wight!
You destroy the wight!
The wight closely misses you.
You completely miss the wight. Your headbutt misses the wight.
The wight closely misses you.
You sock the wight!
The wight is heavily damaged.
The wight closely misses you. You furiously retaliate!
You headbutt the wight! The wight completely misses you.
You miss the wight.
The wight is almost destroyed.
The wight hits you with an enchanted great sword!
You die...

. # ##....
..###......
............#
.............## #
................
#
.......z.........
# #.............
## #..z@.........
#. ##..).....###
#. #....)..## #
##.....##
#......#####
#..........#.
##............
#........#####
#..###..##


You could see 2 wights.

Vanquished Creatures
  The ghost of Ngotmuk the Shield-Bearer, an experienced DDFi (D:5)
  An ice beast (D:5)
  2 wights (D:6)
  A goliath beetle (D:6)
  A hound (D:5)
  3 orc wizards
  7 adders
  A giant mite (D:2)
  A shadow imp (D:6)
  3 worms
  An adder skeleton (D:5)
  3 giant geckos
  9 orcs
  10 bats
  8 goblins
  4 hobgoblins
  9 jackals
  An ooze (D:4)
  3 quokkas
  A ball python (D:2)
  3 giant cockroaches
  A giant gecko skeleton (D:3)
  3 giant newts
  A jackal skeleton (D:5)
  3 kobolds
  5 rats
86 creatures vanquished.

Vanquished Creatures (others)
  A kobold (D:6)
1 creature vanquished.

Grand Total: 87 creatures vanquished

Notes
Turn   | Place    | Note
--------------------------------------------------------------
     0 | D:1      | panocha, the Minotaur Berserker, began the quest for the Orb.
     0 | D:1      | Reached XP level 1. HP: 19/19 MP: 1/1
   183 | D:1      | Reached skill level 4 in Fighting
   347 | D:1      | Reached XP level 2. HP: 20/27 MP: 1/1
   374 | D:1      | You fall through a shaft!
   756 | D:2      | Reached XP level 3. HP: 14/34 MP: 2/2
  1322 | D:2      | Noticed Sigmund
  1607 | D:1      | Acquired Trog's second power
  1837 | D:2      | Reached XP level 4. HP: 15/41 MP: 2/2
  2797 | D:3      | Reached skill level 5 in Fighting
  2896 | D:3      | Found a glowing silver altar of Zin.
  2912 | D:4      | Upgraded the game from 0.17-a0-4-gb793c6d to 0.17-a0-125-g34d91a1
  2921 | D:4      | Reached XP level 5. HP: 36/48 MP: 2/2
  2940 | D:5      | Entered Level 5 of the Dungeon
  2956 | D:5      | Reached skill level 1 in Stealth
  3324 | D:5      | Noticed an ice beast
  3357 | D:5      | Killed an ice beast
  3357 | D:5      | Reached skill level 1 in Shields
  3357 | D:5      | Reached XP level 6. HP: 8/56 MP: 3/3
  3685 | D:5      | Found a stormy altar of Qazlal.
  3694 | D:5      | Noticed Ngotmuk's ghost (experienced DDFi)
  3708 | D:5      | HP: 3/84 [Ngotmuk's ghost (12)]
  3711 | D:5      | Killed Ngotmuk's ghost
  3711 | D:5      | Reached skill level 6 in Fighting
  3711 | D:5      | Reached skill level 5 in Maces & Flails
  3711 | D:5      | Reached skill level 5 in Dodging
  3711 | D:5      | Reached XP level 7. HP: 3/63 MP: 3/3
  4373 | D:6      | Noticed Prince Ribbit
  4433 | D:6      | HP: 3/63 [wight/short sword (8)]
  4445 | D:6      | Slain by a wight

Action                   |  1- 3 |  4- 6 |  7- 9 || total
-------------------------+-------+-------+-------++-------
Melee: Mace              |    65 |    86 |    40 ||   191
Invok: Berserk           |     1 |     1 |     2 ||     4
       Burn Spellbooks   |       |     1 |       ||     1
  Use: Scroll            |       |     3 |     1 ||     4
       Potion            |       |       |     3 ||     3
  Eat: Chunk             |     4 |     6 |     2 ||    12
       Beef jerky        |       |       |     1 ||     1
